Workbook
Name AFECTAEJECONT: LISTAS!$G$2:$G$6
Name ASIGNA: LISTAS!$E$2:$E$7
Name CLASE: LISTAS!$A$2:$A$6
Name ETAPA: LISTAS!$C$2:$C$8
Name FUENTE: LISTAS!$B$2:$B$6
Name RESPONSABLE: LISTAS!$F$2:$F$9
Name TIPO: LISTAS!$D$2:$D$12

Sheet MATRIZ
A1: MATRIZ DE RIESGO
A3: N | B3: Clase | C3: Fuente | D3: Etapa | E3: Tipo | F3: Descripción | G3: Consecuencia de la ocurrencia del evento | H3: Probabilidad | I3: Impacto | J3: Valoración | K3: Categoría | L3: ¿A quién se le asigna? | M3: Tratamiento/Control a ser implementado | N3: Impacto después del tratamiento | R3: ¿Afecta la ejecución del contrato? | S3: Responsable por implementar el tratamiento | T3: Fecha estimada en que se inicia el tratamiento | U3: Fecha estimada en que se completa el tratamiento | V3: Monitoreo y revisión
N4: Probabilidad | O4: Impacto | P4: Valoración | Q4: Categoría | V4: ¿Cómo se realiza el monitoreo? | W4: Periodicidad
A6: 1 | B6: Específica | C6: Interno | D6: Planeación | E6: Riesgos Operacionales | F6: Que la relación, caracterización de los bienes alcance del objeto contractual no incluya en detalle la caracterizaciòn e indicaciones de los servicios | G6: 1-Atraso en la apertura del proceso. 2- Inconsistencias de oferta del mercado 3- Inconsistencia en el alcance de la contrataciòn 4- Reprocesos para ajustar el alcance del servicio y recalculaciòn del presupuesto que ampara el proceso de contrataciòn | H6: 2 | I6: 3 | J6: =H6+I6 -> 5 | K6: =VLOOKUP(J6,LISTAS!$H$2:$I$10,2,FALSE) -> Medio | L6: Entidad Estatal 100% | M6: Revisiòn y actualizaciòn de las especificaciones del servicio | N6: 1 | O6: 3 | P6: =N6+O6 -> 4 | Q6: =VLOOKUP(P6,LISTAS!$H$2:$I$10,2,FALSE) -> Bajo | R6: NO | S6: Quien presenta la necesidad | T6: Desde el momento de autorizar la contratacion | U6: liquidación del contrato | V6: 1-Antes de la adjudicación por el líder del proceso 2- despues de la adjudicación por el supervisor del contrato | W6: Permanente
A7: 2 | B7: General | C7: Externo | D7: Selección | E7: Riesgos Economicos | F7: Análisis insuficiente en los precios unitarios registrados por el proponente en su oferta econòmica. | G7: Error cometidos por el oferente en la elaboración de su propuesta económica que le conlleve a ofrecer un precio artificialmente bajo. | H7: 2 | I7: 3 | J7: =H7+I7 -> 5 | K7: =VLOOKUP(J7,LISTAS!$H$2:$I$10,2,FALSE) -> Medio | L7: Contratista 100% | M7: 1-Realizar la correcta verificación de la oferta economica con la inclusión de las variables explícitas en el pliego de condiciones, relativas a la logistica y caracterización de entrega . 2- Hacer uso de los canales oficiales para formular observaciones y solicitar aclaraciones antes del cierre del proceso. | N7: 1 | O7: 2 | P7: =N7+O7 -> 3 | Q7: =VLOOKUP(P7,LISTAS!$H$2:$I$10,2,FALSE) -> Bajo | R7: SI | S7: Contratista | T7: Desde la presentación de las ofertas por parte de los proponentes | U7: Hasta la adjudicación del contrato | V7: Monitoreo y control por parte del comité evaluador | W7: Permanente
A8: 3 | B8: General | C8: Externo | D8: Selección | E8: Riegos Financieros | F8: Insolvencia del contratista | G8: 1-Incapacidad de ejecutar y mantener las obligaciones contractuales de manera independiente al pago que emita la entidad en los terminos pactados en la ejeciciòn. | H8: 2 | I8: 3 | J8: =H8+I8 -> 5 | K8: =VLOOKUP(J8,LISTAS!$H$2:$I$10,2,FALSE) -> Medio | L8: Entidad Estatal 100% | M8: Verificaciòn de la capacidad financiera y organizacional del Proponente, la cual deberá cumplir con los requisitos habilitantes financieros definidos por la entidad en el pliego de condiciones, la cual se evaluarà de manera consolidada la capacidad financiera unica del proponente en cubrimiento de la proporción y alcance de la oferta presentada | N8: 1 | O8: 2 | P8: =N8+O8 -> 3 | Q8: =VLOOKUP(P8,LISTAS!$H$2:$I$10,2,FALSE) -> Bajo | R8: SI | S8: 1- Comité Evaluador | T8: Desde la presentación de las ofertas por parte de los proponentes | U8: Hasta la adjudicación del contrato | V8: Verificaciòn de los documentos financieros indicados en el pleigo de condiciones | W8: Proceso evaluación y adjudicación
A9: 4 | B9: General | C9: Externo | D9: Selección | E9: Riesgos Economicos | F9: Ofertas con Precio Artificialmente bajo | G9: 1-Desequilibrio económico 2- Incumplimiento en las condiciones de ejecución una vez se adjudique el contrato | H9: 2 | I9: 3 | J9: =H9+I9 -> 5 | K9: =VLOOKUP(J9,LISTAS!$H$2:$I$10,2,FALSE) -> Medio | L9: Contratista 100% | M9: 1- Requerir al contratista para justificar precios artificialmente bajos en atención con el Artículo 2.2.1.1.2.2.4. Oferta con valor artificialmente bajo, Decreto 1082 de 2015. 2- Revisar coherencia de la oferta económica y aclaraciones presentadas | N9: 1 | O9: 2 | P9: =N9+O9 -> 3 | Q9: =VLOOKUP(P9,LISTAS!$H$2:$I$10,2,FALSE) -> Bajo | R9: SI | S9: 1- Comité Evaluador | T9: Desde la realización de la subasta | U9: Hasta la adjudicación del contrato | V9: Seguimiento en el cumplimiento de la oferta y condiciones pactadas | W9: Proceso evaluación y adjudicación
A10: 5 | B10: General | C10: Externo | D10: Selección | E10: Riesgos Operacionales | F10: El contratista no firme el contrato | G10: Perturba la ejecución del Cto de manera grave imposibilitando la ejecución del objeto contractual | H10: 1 | I10: 3 | J10: =H10+I10 -> 4 | K10: =VLOOKUP(J10,LISTAS!$H$2:$I$10,2,FALSE) -> Bajo | L10: Contratista 100% | M10: Transferir el riesgo a un tercero - garantia de seriedad-verificación del orden de elegibilidad | N10: 1 | O10: 2 | P10: =N10+O10 -> 3 | Q10: =VLOOKUP(P10,LISTAS!$H$2:$I$10,2,FALSE) -> Bajo | R10: SI | S10: Oficina de gestión contratación de la Entidad | T10: Desde la adjudicación | U10: Hasta la suscripción del contrato | V10: Monitoreo y control por parte de la Dirección que ordena el gasto | W10: Permanente
A11: 6 | B11: General | C11: Externo | D11: Contratación | E11: Riesgos Operacionales | F11: Demora en la constitución de las garantias | G11: Desface en el tiempo de ejecución del contrato | H11: 1 | I11: 4 | J11: =H11+I11 -> 5 | K11: =VLOOKUP(J11,LISTAS!$H$2:$I$10,2,FALSE) -> Medio | L11: Contratista 100% | M11: Adelantar los acercamientos con el contratista y/o tomar las medidas para hacer que se constituyan en el menor tiempo posible las garantías correspondientes. | N11: 1 | O11: 2 | P11: =N11+O11 -> 3 | Q11: =VLOOKUP(P11,LISTAS!$H$2:$I$10,2,FALSE) -> Bajo | R11: SI | S11: Oficina Ejecutora | T11: Desde la suscripción del contrato | U11: Hasta la aprobación de garantias | V11: Monitoreo y control por parte del Supervisor | W11: Permanente
A12: 7 | B12: General | C12: Externo | D12: Ejecución | E12: Riesgos Operacionales | F12: Deterioro de los bienes requeridos para la realización de actividades durante el transporte al lugar de entrega final, que incide en la calidad del servicio | G12: Incumplimiento en las entregas del servicio programadas para atender oportunamente los requerimientos internos d para satisfacer las necesidades, generando afectación en los compromisos del SENA | H12: 3 | I12: 4 | J12: =H12+I12 -> 7 | K12: =VLOOKUP(J12,LISTAS!$H$2:$I$10,2,FALSE) -> Alto | L12: Contratista 100% | M12: 1. Generar las alertas oportunamente permitiendo dar continuidad con la ejecución contractual. | N12: 1 | O12: 4 | P12: =N12+O12 -> 5 | Q12: =VLOOKUP(P12,LISTAS!$H$2:$I$10,2,FALSE) -> Medio | R12: SI | S12: Contratista | T12: Durante la ejecución del contrato | U12: Antes de la terminación del plazo contractual | V12: Monitoreo y control por parte del supervisor del contrato | W12: Permanente
A13: 8 | B13: Específica | C13: Externo | D13: Ejecución | E13: Riesgos Economicos | F13: Fluctuación en Costos de oportunidad derivados de la estacionalidad del bien, saturación de los mercados, bajas o alzas en la moneda, caída o alza de los precios por diversos factores y reconocidas por los entes reguladores del mercado | G13: Variaciòn en los precios de los bienes y/o servicios sobrecostos que pueden variar significativamente por cambios exagerados en la tasa de cambio y otras situaciones de orden econòmico, que lleve a un desequilibrio en la ecuación económica contractual y las consecuencias de incumplimiento que lleva. | H13: 2 | I13: 3 | J13: =H13+I13 -> 5 | K13: =VLOOKUP(J13,LISTAS!$H$2:$I$10,2,FALSE) -> Medio | L13: Contratista 100% | M13: 1. Previsión por parte del Contratista en la proyecciòn de los precios presentados en su oferta econòmica que soportò la adjudicaciòn, respecto al comportamiento de la tasa representativa del mercado en los casos que aplique. 2. Manifestaciones de anàlisis de precios en atenciòn con el Artículo 2.2.1.1.2.2.4. Oferta con valor artificialmente bajo, Decreto 1082 de 2015. 3. Transferir el riesgo a un tercero - garantias | N13: 1 | O13: 2 | P13: =N13+O13 -> 3 | Q13: =VLOOKUP(P13,LISTAS!$H$2:$I$10,2,FALSE) -> Bajo | R13: SI | S13: Contratista | T13: Durante la ejecución del contrato | U13: Antes de la terminación del plazo contractual | V13: Monitoreo y control por parte del supervisor | W13: Permanente
A14: 9 | B14: General | C14: Externo | D14: Ejecución | E14: Riesgos Regulatorios | F14: Cambios regulatorios que afecten la actividad económica del contratista | G14: Afectaciòn directa o indirecta en la ejecuciòn del contrato. | H14: 1 | I14: 2 | J14: =H14+I14 -> 3 | K14: =VLOOKUP(J14,LISTAS!$H$2:$I$10,2,FALSE) -> Bajo | L14: Contratista 50% y Entidad Estatal 50% | M14: Mantener en constante actualización las normas aplicables al objeto de contratación | N14: 1 | O14: 1 | P14: =N14+O14 -> 2 | Q14: =VLOOKUP(P14,LISTAS!$H$2:$I$10,2,FALSE) -> Bajo | R14: SI | S14: Entidad estatal / contratista | T14: Durante la ejecución del contrato | U14: Antes de la terminación del plazo contractual | V14: Monitoreo y control por parte del supervisor | W14: Permanente
A15: 10 | B15: Específica | C15: Externo | D15: Ejecución | E15: Riesgos Operacionales | F15: Entrega de los servicios sin el cumplimiento de los requisitos y especificaciones funcionales requeridas. | G15: 1- No cumplimiento de las actividades programdas 2- Costos adicionales que debe asumir el Contratista 3- Demora en tràmites de aprobaciòn facturaciòn. 4-Afectaciòn en la ejecuciòn de proyectos SENA regionales | H15: 2 | I15: 3 | J15: =H15+I15 -> 5 | K15: =VLOOKUP(J15,LISTAS!$H$2:$I$10,2,FALSE) -> Medio | L15: Contratista 100% | M15: El contratista debe implementar los mecanismos previstos en atenciòn con el cumplimiento de las condiciones minimas de logistica señalada en el pliego de condiciones, antes y durante el proceso de alistamiento y entrega por la entidadVerficar en la entrega el cumplimiento de los requisitos y especificaciones técnicas pactadas en el contrato, so pena de devolución y aplicación de términos de reposición o cambio., o en su defecto transferir el riesgo a un tercero - garantias | N15: 1 | O15: 2 | P15: =N15+O15 -> 3 | Q15: =VLOOKUP(P15,LISTAS!$H$2:$I$10,2,FALSE) -> Bajo | R15: SI | S15: Contratista | T15: Durante la ejecución del contrato | U15: Antes de la terminación del plazo contractual | V15: Monitoreo y control por parte del supervisor | W15: Permanente
A16: 11 | B16: General | C16: Externo | D16: Ejecución | E16: Riesgos sociales o politicos | F16: Protestas sociales que impidan la circulación para la prestacion de los servicios s | G16: Incumplimiento en las entrega de los servicios programadas en el tiempo acordado | H16: 2 | I16: 4 | J16: =H16+I16 -> 6 | K16: Medio | L16: Contratista 50% y Entidad Estatal 50% | M16: Identificar las circustancias y eventos que pueden afectar las entregas, permitiendo establecer alternativas y/o cambios en la logistica aplicada a la zona afecatada. | N16: 1 | O16: 2 | P16: =N16+O16 -> 3 | Q16: =VLOOKUP(P16,LISTAS!$H$2:$I$10,2,FALSE) -> Bajo | R16: SI | S16: Contratista y Entidad | T16: Durante la ejecución del contrato | U16: Antes de la terminación del plazo contractual | V16: Monitoreo y control por parte del supervisor | W16: Permanente
A17: 12 | B17: General | C17: Externo | D17: Ejecución | E17: Riesgos Ambientales | F17: Eventos de la naturaleza por fuera del control de las partes | G17: Afecta la ejecución del contrato | H17: 2 | I17: 4 | J17: =H17+I17 -> 6 | K17: =VLOOKUP(J17,LISTAS!$H$2:$I$10,2,FALSE) -> Alto | L17: Contratista 50% y Entidad Estatal 50% | M17: Transferir el riesgo a un tercero - garantias | N17: 1 | O17: 2 | P17: =N17+O17 -> 3 | Q17: =VLOOKUP(P17,LISTAS!$H$2:$I$10,2,FALSE) -> Bajo | R17: SI | S17: Contratista | T17: Durante la ejecución del contrato | U17: Antes de la terminación del plazo contractual | V17: Monitoreo y control por parte del supervisor | W17: Permanente

Sheet LISTAS
A1: CLASE | B1: FUENTE | C1: ETAPA | D1: TIPO | E1: ASIGNA | F1: RESPONSABLE TRATAMIENTO | G1: AFECTA EJECUCIÓN CONT | H1: CATEGORIA
A2: General | B2: Interno | C2: Planeación | D2: Riesgos Economicos | E2: Contratista 100% | F2: Entidad Estatal | G2: SI | H2: 2 | I2: Bajo
A3: Específica | B3: Externo | C3: Selección | D3: Riesgos sociales o politicos | E3: Entidad Estatal 100% | F3: Contratista | G3: NO | H3: 3 | I3: Bajo
C4: Contratación | D4: Riesgos Operacionales | E4: Contratista 50% y Entidad Estatal 50% | H4: 4 | I4: Bajo
C5: Ejecución | D5: Riegos Financieros | H5: 5 | I5: Medio
D6: Riesgos Regulatorios | H6: 6 | I6: Alto
D7: Riesgos de la naturaleza | H7: 7 | I7: Alto
D8: Riesgos Ambientales | H8: 8 | I8: Extremo
D9: Riesgos Tecnologicos | H9: 9 | I9: Extremo
H10: 10 | I10: Extremo

Sheet TABLAS DEL MANUAL

Sheet Informe de compatibilidad
B1: Informe de compatibilidad para MATRIZ DE RIESGOS DOTACIONES CENTROS.xls
B2: Ejecutar el 26/08/2019 10:06
B4: Las siguientes características de este libro no son compatibles con versiones anteriores de Excel. Estas características podrían perderse o degradarse si abre el libro con una versión anterior de Excel o si guarda el libro con un formato de archivo anterior.
B6: Pérdida significativa de funcionalidad | E6: Nº de apariciones | F6: Versión
B8: Algunas celdas contienen más formatos condicionales de los permitidos en el formato de archivo seleccionado. En las versiones anteriores de Excel solamente se mostrarán las tres primeras condiciones. | E8: 6
E9: MATRIZ'!K7:K8 | F9: Excel 97-2003
E10: MATRIZ'!K9:K65536
E11: MATRIZ'!Q8:Q31
E12: MATRIZ'!Q7
B15: Pérdida menor de fidelidad
B17: Algunas celdas o estilos de este libro contienen un formato no admitido en el formato de archivo seleccionado. Estos formatos se convertirán al formato más cercano disponible. | E17: 9 | F17: Excel 97-2003
